 Dungeon Crawl Stone Soup version 0.31-a0-1074-g0b22e4e0f1 (webtiles) character file.

Game seed: 403564479257559058

578 DarkWraith the Slasher (level 7, -2/6 HPs)
             Began as a Minotaur Fighter on Dec 6, 2023.
             Slain by a hound (4 damage)
             ... on level 5 of the Dungeon.
             The game lasted 00:19:03 (3059 turns).

DarkWraith the Slasher (Minotaur Fighter)           Turns: 3059, Time: 00:19:04

Health: -2/6       AC:  1    Str: 22    XL:     7   Next: 13%
Magic:  0/6        EV: 17    Int:  5    God:
Gold:   170        SH:  4    Dex: 10    Spells: 6/6 levels left

rFire   . . .        R - +2 flail (drain)
rCold   . . .        c - +0 buckler
rNeg    . . .        b - melded +0 scale mail
rPois   .            (helmet restricted)
rElec   .            V - +0 cloak
rCorr   .            (no gloves)
SInv    .            (no boots)
Will    .....        A - amulet of guardian spirit
Stlth   +            w - +5 ring of evasion
HPRegen 0.21/turn    (no ring)
MPRegen 0.10/turn

%: guardian spirit
@: maw-form
A: devouring maw, reduced hp, horns 2, retaliatory headbutt
a: Begin Untransformation


You were on level 5 of the Dungeon.
You were a creature with a mouth for a stomach.
You visited 1 branch of the dungeon, and saw 5 of its levels.
You also visited: Sewer.

You collected 170 gold pieces.

Inventory:

Hand Weapons
 a - a +0 long sword
 g - a +0 club
 i - a +0 club
 j - a +0 sling
 o - a +0 dagger
 p - a +0 dagger
 q - a +0 club
 r - a +0 whip
 t - a +0 sling
 u - a +0 dagger
 v - a +0 whip
 x - a +0 club
 y - a +0 dagger
 C - a +0 short sword
 F - a +0 short sword
 H - a +0 giant spiked club
 M - a +0 hand axe
 O - a +0 long sword
 P - a +0 heavy hand axe
 R - a +2 flail of draining (weapon)
 U - a +4 quarterstaff of chaos
 W - a +0 hammer
Missiles
 d - 23 stones
 h - 11 poisoned darts
 N - 3 boomerangs
Armour
 b - a +0 scale mail (melded)
 c - a +0 buckler (worn)
 m - a +0 robe
 S - a +0 scale mail
 V - a +0 cloak (worn)
 X - a +0 leather armour
Jewellery
 w - a +5 ring of evasion (left hand)
 A - an amulet of guardian spirit (around neck)
 D - an amulet of reflection
Talismans
 T - a maw talisman (active)
Wands
 Q - a wand of polymorph (10)
Scrolls
 f - a scroll of blinking {unknown}
 k - 2 scrolls of identify {unknown}
 l - a scroll of teleportation {unknown}
 s - a scroll of poison {unknown}
 E - a scroll of amnesia {unknown}
 J - 3 scrolls of enchant weapon {unknown}
 L - 2 scrolls of noise {unknown}
Potions
 e - a potion of mutation {unknown}
 n - 2 potions of curing {unknown}
 z - a potion of magic {unknown}
 B - 2 potions of haste {unknown}
 G - a potion of brilliance {unknown}
 I - a potion of invisibility {unknown}
 K - a potion of heal wounds {unknown}


   Skills:
 + Level 4.9 Fighting
 + Level 5.9 Long Blades
 + Level 5.4 Armour
 + Level 3.0 Dodging
 + Level 4.7 Shields
 + Level 0.6 Shapeshifting


You had 6 spell levels left.
You didn't know any spells.
Your spell library contained the following spells:

 Spells                   Type           Power      Damage    Failure   Level
 Magic Dart               Conj           0%         1d3       54%         1
 Searing Ray              Conj           0%         2d4       67%         2
 Sublimation of Blood     Necr           0%         N/A       67%         2
 Wereblood                Tmut           0%         N/A       67%         2
 Fulminant Prism          Conj/Hex       0%         3d5       99%         4
 Summon Hydra             Summ           0%         N/A       100%        7


Dungeon Overview and Level Annotations

Branches:
Dungeon (4/15)              Sewer (visited)
 Temple: D:4-7

Altars:
Ashenzari


Innate Abilities, Weirdness & Mutations

You are a creature with a mouth for a stomach.
Your midsection houses a second, enormous mouth.
Your maximum health is decreased, since you lack skill for your form.
You have a pair of horns on your head.
You reflexively headbutt those who attack you in melee.


Message History

You see here a +0 leather armour.
X - a +0 leather armour The howler monkey hoots and howls with incredible vigour!
The hound bites you.
You hear a howl!
You barely miss the hound. Your bite misses the hound.
The hound closely misses you. The hound barely misses you.
You barely miss the hound. Your bite misses the hound.
The hound closely misses you. The howler monkey barely misses you.
You barely miss the howler monkey. You bite the howler monkey.
The howler monkey is lightly wounded.
The hound misses you. The howler monkey closely misses you.
The hound misses you. The howler monkey barely misses you.
You barely miss the howler monkey. You headbutt the howler monkey!
Your bite misses the howler monkey.
The howler monkey is severely wounded.
The hound completely misses you. The hound bites you.
Ouch! That really hurt!
The howler monkey closely misses you. The hound misses you.
You barely miss the howler monkey.
The howler monkey is severely wounded.
The howler monkey barely misses you. The hound closely misses you.
The howler monkey hoots and howls with incredible vigour!
The hound closely misses you. You furiously retaliate!
You headbutt the hound.
You hear a bark!
You hear an angry hiss.
You hit the howler monkey but do no damage.
You drain the howler monkey. Your bite misses the howler monkey.
The howler monkey is almost dead.
The howler monkey misses you. The hound bites you.
* * * LOW HITPOINT WARNING * * *
A howler monkey comes into view.
The howler monkey completely misses you.
You furiously retaliate!
You headbutt the howler monkey!
You kill the howler monkey!
The hound closely misses you.
You closely miss the hound. You headbutt the hound.
The hound is lightly wounded.
The hound bites you.
Ouch! That really hurt!
You die...

. .. .#. #..
#.# #h# #.#
###. #.#
.....
#.##......
#.Wh......
#....h######.
#.##..# #
..## ####


You could see a howler monkey and 2 hounds.

Vanquished Creatures
  An ogre (D:3)
  A kobold brigand (Sewer)
  2 howler monkeys
  An orc priest (D:4)
  Crazy Yiuf (D:3)
  2 hounds (D:4)
  An iguana (D:4)
  Terence (D:3)
  8 adders
  2 river rats (Sewer)
  6 worms
  A dart slug (D:3)
  5 orcs
  10 ball pythons
  4 endoplasms
  2 giant cockroaches
  6 goblins
  3 hobgoblins
  A jackal (Sewer)
  6 kobolds
  A quokka (D:1)
  3 bats
  9 frilled lizards
  10 rats
87 creatures vanquished.

Notes
Turn   | Place    | Note
-------+----------+-------------------------------------------
     0 | D:1      | DarkWraith the Minotaur Fighter began the quest for the
                  | Orb.
     0 | D:1      | Reached XP level 1. HP: 19/19 MP: 0/0
   473 | D:1      | Reached XP level 2. HP: 26/27 MP: 1/1
   981 | D:2      | Reached XP level 3. HP: 32/33 MP: 2/2
  1373 | D:3      | Noticed an ogre
  1379 | D:3      | Killed an ogre
  1380 | D:3      | Reached skill level 1 in Dodging
  1380 | D:3      | Reached XP level 4. HP: 16/41 MP: 1/3
  1411 | D:3      | Found a glowing drain.
  1422 | D:3      | Reached XP level 5. HP: 31/47 MP: 4/4
  1455 | Sewer    | Entered a sewer
  1573 | Sewer    | Reached skill level 5 in Long Blades
  1645 | Sewer    | Reached XP level 6. HP: 53/53 MP: 5/5
  2005 | D:3      | Reached skill level 5 in Armour
  2240 | D:3      | Noticed Terence
  2249 | D:3      | Killed Terence
  2533 | D:3      | Found a runed translucent door.
  2534 | D:3      | Noticed Crazy Yiuf
  2539 | D:3      | Killed Crazy Yiuf
  2911 | D:4      | Found a broken altar of Ashenzari.
  2994 | D:4      | Reached XP level 7. HP: 3/60 MP: 4/6
  3047 | D:4      | You fall into a shaft and drop 1 floor!
  3047 | D:5      | Entered Level 5 of the Dungeon
  3059 | D:5      | Slain by a hound

Illustrated notes

Levels and vault maps discovered:
D:1:      dpeg_arrival_three_bigger_balls, layout_rooms
D:2:      layout_loops_cross
D:3:      layout_loops_corners, cheibrodos_sewer_entry_drain,
          mrwooster_statue_mirror, uniq_crazy_yiuf_cottage, uniq_grinder,
          uniq_terence
D:4:      layout_gridville, mainiacjoe_overflow_catwalk
D:5:      layout_rooms, st_stairs_4

Skill      XL: |  1  2  3  4  5  6 |
---------------+-------------------+-----
Armour         | 4 5 |  5.4
Fighting       | 4 |  4.9
Shields        | 4 |  4.7
Long Blades    | 3 5 |  5.9
Dodging        | 1 2 3 |  3.0
Shapeshifting  | |  0.6

Action                     |  1- 3 |  4- 6 |  7- 9 || total
---------------------------+-------+-------+-------++-------
  Melee: Long sword        |    76 |   134 |       ||   210
         Headbutt          |     9 |    17 |     2 ||    28
         Flail             |       |    23 |     7 ||    30
         Maw               |       |    11 |     1 ||    12
         Unarmed           |       |     4 |       ||     4
    Use: Potion            |     2 |       |       ||     2
 Armour: Scale mail        |    49 |    57 |       ||   106
         Skin              |       |     9 |     4 ||    13
  Dodge: Dodged            |    55 |   132 |    17 ||   204
  Block: Buckler           |    18 |    35 |       ||    53
   Form: Maw               |       |     1 |       ||     1

Table legend: (Time is in decaauts)
 A = Elapsed time spent in this place.
 B = Non-inter-level travel time spent in this place.
 C = Inter-level travel time spent in this place.
 D = Time resting spent in this place.
 E = Time spent auto-exploring this place.
 F = Levels seen in this place.
 G = Mean time per level.
                   A        B        C        D        E       F      G
               +--------+--------+--------+--------+--------+-----+--------+
         Total |   3251 |   1191 |   2060 |      0 |      0 |   6 |  541.8 |
       Dungeon |   2647 |    587 |   2060 |      0 |      0 |   5 |  529.4 |
         Sewer |    604 |    604 |      0 |      0 |      0 |   1 |  604.0 |
               +--------+--------+--------+--------+--------+-----+--------+

Top non-repeatable levels by time:
     D:3: 941 daAuts
     D:2: 720 daAuts
     D:1: 628 daAuts
   Sewer: 604 daAuts
     D:4: 342 daAuts
     D:5: 14 daAuts
